 Dungeon Crawl Stone Soup version 0.20-a0-1116-gaa52201 (webtiles) character file.

141 4thArraOfDagon the Bolt Thrower (level 5, 3/38 HPs)
             Began as a Mummy Hunter on May 7, 2017.
             Quit the game on level 6 of the Dungeon.
             The game lasted 00:03:06 (813 turns).

4thArraOfDagon the Bolt Thrower (Mummy Hunter)       Turns: 813, Time: 00:03:07

Health: 3/38       AC:  6    Str: 16    XL:     5   Next: 3%
Magic:  4/5        EV:  9    Int: 11    God:
Gold:   44         SH:  0    Dex: 12    Spells: 2/4 levels left

rFire    x . .     SeeInvis .   a - +1 hand crossbow
rCold    + . .     Gourm    .   (no shield)
rNeg     + + +     Faith    .   g - +0 scale mail
rPois    ∞         Spirit   .   (no helmet)
rElec    .         Reflect  .   (no cloak)
rCorr    .         Harm     .   (no gloves)
MR       .....                  (no boots)
Stlth    ..........             (no amulet)
Regen    0.2/turn               (no ring)
MPRegen  0.1/turn               (no ring)

@: very slightly contaminated
A: no food or potions, fire vulnerability, cold resistance 1, negative energy
resistance 3, torment resistance, unbreathing
a: no special abilities


You were on level 6 of the Dungeon.
You were not hungry.

You visited 1 branch of the dungeon, and saw 7 of its levels.

You collected 44 gold pieces.

Inventory:

Hand Weapons
 a - a +1 hand crossbow (weapon)
 b - a +0 short sword
Missiles
 d - 11 bolts (quivered)
Armour
 c - a +0 leather armour
 e - a +0 ring mail
 g - a +0 scale mail (worn)
Scrolls
 h - a scroll of remove curse
Books
 f - a book of Minor Magic

   Spells                             Type                      Level
   a - Magic Dart                     Conjuration                  1
   b - Blink                          Translocation                2
   c - Call Imp                       Summoning                    2
   d - Slow                           Hexes                        2
   e - Conjure Flame                  Conjuration/Fire             3
   f - Mephitic Cloud                 Conjuration/Poison/Air       3


   Skills:
 - Level 2.0 Fighting
 * Level 5.2 Crossbows
 - Level 1.5 Dodging
 - Level 0.7 Stealth


You had 2 spell levels left.
You knew the following spells:

 Your Spells              Type           Power        Failure   Level  Hunger
a - Blink                 Tloc           N/A          90%         2    N/A

Dungeon Overview and Level Annotations

Branches:
Dungeon (7/15)
 Temple: D:4-7

Altars:


Innate Abilities, Weirdness & Mutations

You do not eat or drink.
Your flesh is vulnerable to fire.
You are immune to poison.
Your flesh is cold resistant. (rC+)
You are immune to negative energy. (rN+++)
You are immune to unholy pain and torment.
You can survive without breathing.


Message History

Unknown command.
An adder comes into view.
The adder hisses angrily.
Unknown command.
A gnoll shaman comes into view. It is wielding a club.
Unknown command.
The gnoll shaman shouts!
The gnoll hits you from afar with a halberd!
* * * LOW HITPOINT WARNING * * *
Unknown command.
Unknown command.
Unknown command.
Found a puce potion.
Unknown command.
Unknown command.
Unknown command.
Unknown command.
A centaur skeleton comes into view.
Found a ruby potion.
Are you sure you want to abandon this character and quit the game? (Confirm with "yes".)

.......o#.###
.......o....#
.....g..#S#..S....
#...##og.########.
#...###S####
.......O.O.#
##.####.##.#
#..##Z######!#
#..##.@.....Z.
#..#########.#
#..# #... #!#


You could see an ogre, a worker ant zombie and a centaur skeleton.

Vanquished Creatures
  2 orc priests (D:6)
  2 worker ants
  3 adders
  A leopard gecko (D:6)
  2 orcs (D:6)
  2 giant cockroaches
  A ball python (D:6)
  A kobold (D:4)
14 creatures vanquished.

Notes
Turn   | Place    | Note
-------+----------+-------------------------------------------
     0 | D:1      | 4thArraOfDagon the Mummy Hunter began the quest for the Orb.
     0 | D:1      | Reached XP level 1. HP: 16/16 MP: 1/1
     1 | D:1      | You fall through a shaft!
   157 | D:4      | Noticed a worker ant
   160 | D:5      | Entered Level 5 of the Dungeon
   172 | D:5      | Reached XP level 2. HP: 15/22 MP: 2/2
   256 | D:4      | Reached skill level 4 in Crossbows
   256 | D:4      | Reached XP level 3. HP: 5/27 MP: 3/3
   629 | D:5      | Learned a level 2 spell: Blink
   664 | D:6      | Reached XP level 4. HP: 31/33 MP: 4/4
   702 | D:6      | Reached skill level 5 in Crossbows
   746 | D:6      | Reached XP level 5. HP: 32/38 MP: 5/5
   756 | D:6      | Noticed an orc warrior
   795 | D:6      | Noticed an ogre
   813 | D:6      | Quit the game

Vault maps used:
D:1:      saegor_arrival_simple_f
D:2:      eino_tiny_chamber, uniq_terence, uniq_natasha
D:3:      lemuel_crystal_altar, first_bread, trog_hazing_becter
D:4:      kennysheep_kobold_camp, minitemple, yredelemnul_altar_generic,
          uniq_grinder
D:6:      nicolae_temple_entry_ecumenical, serial_shops,
          nicolae_shop_behind_doors, uniq_sigmund
D:7:      vehumet_statue, grunt_livestock

Skill      XL: |  1  2  3  4 |
---------------+-------------+-----
Crossbows      | 4 5 |  5.2
Fighting       | |  2.0
Dodging        | |  1.5
Stealth        | |  0.7

Action                   |  1- 3 |  4- 6 || total
-------------------------+-------+-------++-------
Melee: Short sword       |     3 |     5 ||     8
 Fire: Hand crossbow     |    18 |    21 ||    39
  Use: Scroll            |     2 |       ||     2
Armor: Ring mail         |     4 |     2 ||     6
       Scale mail        |       |    14 ||    14
Dodge: Dodged            |     9 |    20 ||    29
